 Seeded DCSS version 0.31.0-32-g396128a36d (webtiles) character file.

Game seed: 9270316309873387917 (custom seed)

4680 booth the Cleaver (level 10, -3/87 (90) HPs)
             Began as a Minotaur Fighter on Mar 19, 2024.
             Was an Initiate of Ashenzari.
             Slain by an orc
             ... wielding a +0 trident
              (8 damage)
             ... on level 8 of the Dungeon.
             The game lasted 00:48:09 (8063 turns).

booth the Cleaver (Minotaur Fighter)                Turns: 8063, Time: 00:48:09

HP:   -3/87 (90)    AC:  7    Str: 24    XL:     10   Next: 21%
MP:   9/9           EV:  8    Int:  8    God:    Ashenzari [......]
Gold: 80            SH:  0    Dex: 10    Spells: 9/9 levels left

rFire   . . .        a - +1 war axe
rCold   . . .        p - +2 buckler
rNeg    . . .        y - +2 chain mail {Will+}
rPois   +            (helmet restricted)
rElec   .            u - scarf {shadows}
rCorr   .            (no gloves)
SInv    .            j - +1 pair of boots
Will    +....        (no amulet) Stlth
                     s - ring "Ruined With Me" {rPois, Fort, Comp} (curse)
HPRegen 0.34/turn    (no ring)
MPRegen 0.11/turn

%: no passive effects
@: confused, about to teleport, ambrosia-drunk, corroded, lightly drained
A: horns 2, retaliatory headbutt, strong 1, evolution 1
a: Renounce Religion, Shatter the Chains


You were on level 8 of the Dungeon.
You worshipped Ashenzari.
Ashenzari was noncommittal.
You visited 2 branches of the dungeon, and saw 9 of its levels.

You collected 217 gold pieces.
You spent 137 gold pieces at shops.

Inventory:

Hand Weapons
 a - a +1 war axe (weapon)
 o - the +5 whip of Huomp {flame, MP+9}
   (You found it on level 2 of the Dungeon)

   MP+9:      It affects your magic capacity (+9).
 z - a +3 mace
Missiles
 m - 3 poisoned darts (quivered)
 D - a boomerang
Armour
 b - a +0 scale mail
 c - a +0 chain mail
 j - a +1 pair of boots (worn)
 p - a +2 buckler (worn)
 u - a scarf of shadows (worn)
 y - a +2 chain mail of willpower (worn)
Jewellery
 s - the cursed ring "Ruined With Me" (left hand) {rPois, Fort, Comp}
   (You found it on level 2 of the Dungeon)

   [ring of poison resistance]

   rPois:     It protects you from poison It has a curse which improves the
   following skills: Fortitude: Armour and Shields.
   Companions: Summonings and Necromancy.
 E - a ring of wizardry
Wands
 q - a wand of charming (2)
 v - a wand of iceblast (16)
Scrolls
 e - 2 scrolls of vulnerability
 g - 2 scrolls of teleportation
 h - a scroll of torment
 k - 2 scrolls of amnesia
 l - a scroll of fog
 x - 2 scrolls of fear
 B - a scroll of immolation
Potions
 d - 5 potions of might
 f - 2 potions of lignification
 n - a potion of attraction
 r - a potion of magic
 A - a potion of cancellation {unknown}


   Skills:
 + Level 8.9 Fighting
 * Level 11.5 Axes
 + Level 8.8(9.2) Armour
 + Level 8.9(9.3) Shields


You had 9 spell levels left.
You didn't know any spells.
Your spell library contained the following spells:

 Spells                   Type           Power      Damage    Failure   Level
 Call Canine Familiar     Summ           0%         N/A       100%        3
 Sigil of Binding         Hex            0%         N/A       100%        3
 Dimensional Bullseye     Hex/Tloc       0%         N/A       100%        4
 Passage of Golubria      Tloc           0%         N/A       100%        4
 Silence                  Hex/Air        0%         N/A       100%        5
 Lehudib's Crystal Spear  Conj/Erth      0%         10d2      100%        8


Dungeon Overview and Level Annotations

Branches:
Dungeon (8/15)             Temple (1/1) D:7
   Lair: D:8-11

Altars:
Ashenzari
Cheibriados
Dithmenos
Elyvilon
Fedhas
Gozag
Hepliaklqana
Kikubaaqudgha
Makhleb
Nemelex Xobeh
Okawaru
Qazlal
Ru
Sif Muna
Trog
Uskayaw
Vehumet
Wu Jian
Xom
Zin
The Shining One

Shops:
D:1 :   D:3 =*!


Innate Abilities, Weirdness & Mutations

You have a pair of horns on your head.
You reflexively headbutt those who attack you in melee.
Your muscles are strong. (Str +4, Int/Dex -1)
You have hidden genetic potential.


Message History

The ice beast is lightly wounded.
You hit the orc. You block the orc's attack. You block the ice beast's attack.
The orc shouts!
You slash the ice beast!
The ice beast is severely wounded.
You closely miss something.
You hear a shout!
The orc hits you but does no damage. The ice beast closely misses you.
As you read the scroll of teleportation, it crumbles to dust.
You feel strangely unstable. The orc closely misses you.
Something hits you but does no damage. The ice beast hits you.
* * * LOW HITPOINT WARNING * * *
The ice beast freezes you!
* * * LOW HITPOINT WARNING * * *
You are confused.
You feel invigorated.
The orc hits you from afar with a +0 trident.
* * * LOW HITPOINT WARNING * * *
Something hits you but does no damage.
The ice beast hits you but does no damage.
You closely miss the ice beast.
The ice beast is severely wounded.
You hit something but do no damage. The orc barely misses you.
Something hits you.
* * * LOW HITPOINT WARNING * * *
An orc comes into view. It is wielding a +0 hand axe.
The ice beast hits you but does no damage.
You slash the ice beast!
You kill the ice beast!
You closely miss something.
The orc hits you from afar with a +0 trident.
* * * LOW HITPOINT WARNING * * *
Something hits you but does no damage. The orc barely misses you.
You hit the orc but do no damage.
The orc is moderately wounded.
You miss something. The orc hits you but does no damage. Something hits you.
* * * LOW HITPOINT WARNING * * *
The orc barely misses you.
The orc hits you from afar with a +0 trident!
You die...

### ##@##
#)o{##
##oo..###
.#.......##
..o........##
............##
#.............#
#..............
..............


You could see 4 orcs.

Vanquished Creatures
  Maggie (D:8)
  Prince Ribbit (D:8)
  A wyvern (D:8)
  2 water moccasins
  6 black bears
  4 orc warriors
  6 ice beasts
  A sky beast (D:6)
  4 ogres
  2 centaurs (D:8)
  3 bullfrogs
  Blork the orc (D:5)
  3 scorpions
  5 killer bees (D:8)
  A howler monkey (D:5)
  2 bombardier beetles
  5 hounds
  2 jellies
  7 orc priests
  A gnoll bouda (D:4)
  A sleepcap (D:5)
  2 iguanas (D:5)
  11 orc wizards
  4 adders
  2 shadow imps
  2 ufetubi (D:6)
  2 ribbon worms
  5 dart slugs
  31 orcs
  9 ball pythons
  6 endoplasms
  6 giant cockroaches
  14 goblins
  9 hobgoblins
  24 jackals
  5 quokkas
  7 bats
  5 frilled lizards
  8 kobolds
  7 rats
218 creatures vanquished.

Notes
Turn   | Place    | Note
-------+----------+-------------------------------------------
     0 | D:1      | booth the Minotaur Fighter began the quest for the Orb.
     0 | D:1      | Reached XP level 1. HP: 19/19 MP: 0/0
   144 | D:1      | Reached XP level 2. HP: 27/27 MP: 1/1
   166 | D:1      | Reached skill level 3 in Axes
   218 | D:1      | Reached XP level 3. HP: 33/33 MP: 2/2
   236 | D:1      | You fall into a shaft and drop 1 floor!
   557 | D:1      | Found Ottottap's Book Shop.
   982 | D:2      | Reached XP level 4. HP: 40/40 MP: 3/3
  1013 | D:2      | Identified the +5 whip of Huomp {flame, MP+9}
  1706 | D:3      | Reached skill level 4 in Axes
  1707 | D:3      | Found a faded altar of an unknown god.
  1749 | D:3      | Found Unler's General Store.
  1771 | D:3      | Bought a scroll of identify for 24 gold pieces
  1771 | D:3      | Bought a scroll of identify for 24 gold pieces
  1771 | D:3      | Bought a scroll of identify for 24 gold pieces
  2006 | D:3      | Found Dinaarosh's Distillery.
  2080 | D:3      | Found Uwkiwku's Jewellery Emporium.
  2202 | D:3      | Found a hide-covered altar of Uskayaw.
  2291 | D:4      | Noticed a black bear
  2306 | D:4      | Killed a black bear
  2307 | D:4      | Reached XP level 5. HP: 38/47 MP: 4/4
  2352 | D:4      | Reached skill level 5 in Axes
  2465 | D:4      | Found a sacrificial altar of Ru.
  2545 | D:4      | Reached XP level 6. HP: 46/55 MP: 5/5
  2669 | D:4      | Reached skill level 5 in Fighting
  2669 | D:4      | Reached skill level 5 in Armour
  2669 | D:4      | Reached skill level 5 in Shields
  2948 | D:4      | Reached skill level 6 in Axes
  2948 | D:4      | Reached XP level 7. HP: 60/61 MP: 6/6
  3432 | D:4      | Found an ornate altar of the Wu Jian Council.
  3618 | D:5      | Entered Level 5 of the Dungeon
  3834 | D:5      | Found a shadowy altar of Dithmenos.
  3843 | D:5      | Reached skill level 7 in Axes
  3881 | D:5      | Reached XP level 8. HP: 50/70 MP: 7/7
  4253 | D:5      | Noticed Blork the orc
  4262 | D:5      | Killed Blork the orc
  4318 | D:5      | Reached skill level 8 in Axes
  5056 | D:6      | Reached skill level 9 in Axes
  5118 | D:6      | Reached XP level 9. HP: 69/79 MP: 8/8
  5906 | D:6      | Gained mutation: You have hidden genetic potential. [potion
                  | of mutation]
  5940 | D:7      | Found a white marble altar of Elyvilon.
  6060 | D:7      | Reached skill level 10 in Axes
  6268 | D:7      | Found a staircase to the Ecumenical Temple.
  6274 | Temple   | Entered the Ecumenical Temple
  6286 | Temple   | Became a worshipper of Ashenzari the Shackled
  6599 | D:3      | Bought a potion of heal wounds for 65 gold pieces
  7550 | D:8      | Reached skill level 11 in Axes
  7580 | D:8      | Noticed Maggie
  7597 | D:8      | Killed Maggie
  7598 | D:8      | Reached XP level 10. HP: 40/90 MP: 9/9
  7906 | D:8      | Noticed Prince Ribbit
  7937 | D:8      | Killed Prince Ribbit
  7946 | D:8      | Gained mutation: Your muscles are strong. (Str +4, Int/Dex
                  | -1) [hidden potential]
  8059 | D:8      | HP: 3/86 [ice beast (14)]
  8060 | D:8      | HP: 1/86 [orc/+0 trident (6)]
  8063 | D:8      | Slain by an orc

Illustrated notes

Levels and vault maps discovered:
D:1:      beargit_arrival_diablo_church, layout_basic, serial_shops, shop
D:2:      layout_loops_corners
D:3:      layout_rooms, nicolae_uskayaw_suspiria, serial_shops,
          nicolae_shop_temple_entry_statues_fountains,
          nicolae_shop_tiny_waterfront, nicolae_shop_back_alley_shop,
          dreamdust_ecumenical_altar_statues, minmay_box_of_dots
D:4:      nicolae_cairo_tiling, layout_basic, mainiacjoe_overflow_alcove_2,
          nzn_wu_jian_contemplation, minmay_bisected
D:5:      layout_basic, lemuel_crystal_altar, kennysheep_potato,
          uniq_blork_the_orc
D:6:      layout_loops_ring, minmay_ogre_servants
D:7:      wander_river, layout_basic, elyvilon_altar_4,
          minmay_temple_entry_hall, enter_bailey_4, minivault_24,
          minmay_misc_feat_ornament
D:8:      layout_cave_pods, uniq_prince_ribbit1, uniq_maggie, uniq_joseph,
          uniq_jeremiah
Temple:   nicolae_temple_superstar

Skill      XL: |  1  2  3  4  5  6  7  8  9 |
---------------+----------------------------+-----
Axes           | 3 4 5 6 7 9 11 | 11.5
Armour         | 4 5 6 7 8 |  8.8
Fighting       | 4 5 6 7 8 |  8.9
Shields        | 4 5 6 7 8 |  8.9

Action                     |  1- 3 |  4- 6 |  7- 9 | 10-12 || total
---------------------------+-------+-------+-------+-------++-------
  Melee: War axe           |   101 |   109 |   358 |    50 ||   618
         Headbutt          |     7 |    22 |    53 |     4 ||    86
  Throw: Dart              |       |    13 |    24 |       ||    37
         Boomerang         |       |       |     2 |       ||     2
 Invoke: Curse Item        |       |       |       |     1 ||     1
    Use: Scroll            |       |     9 |    10 |     3 ||    22
         Potion            |       |     2 |     4 |     3 ||     9
 Armour: Scale mail        |    70 |    99 |   125 |       ||   294
         Chain mail        |       |       |   143 |    81 ||   224
  Dodge: Dodged            |    44 |    31 |   110 |    46 ||   231
  Block: Buckler           |    34 |    32 |   123 |    48 ||   237
